Map: Orbital Shipyard

Players

Lyf

  • Race: Terran Terran
  • League: Gold

Thilly - Winner!

  • Race: Zerg Zerg

VOD

Have the link to the VOD?

Description

Time

  • Played on: Nov. 11, 2015, 10:55 p.m.
  • Length: 13:49
Show
View Real Time Build Order
Export as new Build Order

Lyf Terran 

Build Orders: Command Center First (CC) 

Get SALT Encoding   

  12  0:01  SCV  
  13  0:13  SCV  
  14  0:22  Supply Depot  
  14  0:25  SCV  
  15  0:43  SCV  
  16  1:00  Command Center  
  16  1:01  SCV  
  17  1:13  SCV  
  17  1:18  Barracks  
  18  1:26  SCV  
  18  1:27  Refinery  
  19  1:37  Supply Depot  
  19  1:38  SCV  
  20  1:57  SCV  
  21  2:05  Marine  
  22  2:10  Orbital Command  
  22  2:13  Refinery  
  22  2:18  Orbital Command  
  22  2:23  Marine  
  23  2:40  SCV  
  23  2:41  Marine  
  24  2:48  Factory  
  24  2:53  SCV x2  
  26  3:01  Supply Depot  
  26  3:03  Marine  
  26  3:05  SCV  
  28  3:10  SCV  
  29  3:17  SCV  
  29  3:19  Barracks  
  30  3:22  SCV  
  31  3:29  SCV  
  31  3:32  Barracks Reactor  
  32  3:36  Starport  
  32  3:38  Widow Mine  
  34  3:41  SCV  
  34  3:43  Barracks  
  35  3:49  Refinery  
  35  3:53  SCV  
  36  3:57  Supply Depot  
  36  4:05  SCV  
  36  4:06  Widow Mine  
  36  4:07  Barracks  
  39  4:10  Marine x2  
  39  4:12  Barracks Tech Lab  
  39  4:15  Engineering Bay  
  41  4:17  Medivac  
  41  4:22  Supply Depot  
  43  4:24  SCV  
  44  4:32  Barracks Tech Lab  
  44  4:33  Marauder  
  46  4:39  Widow Mine  
  46  4:43  Marine x2  
  50  4:46  Supply Depot  
  50  4:51  Terran Infantry Armor Level 1  
  50  4:56  Barracks Reactor  
  50  5:01  SCV, Marine x2  
  53  5:09  Supply Depot  
  53  5:26  Marine x2  
  53  5:27  Marauder x2  
  59  5:35  Supply Depot  
  59  5:36  Starport Reactor  
  59  5:38  Factory Tech Lab  
  59  5:40  Marine x2  
  61  5:49  Marauder x2  
  63  5:58  Marine x2  
  63  6:02  Marine x2  
  40  6:10  Marine  
  33  6:11  Hellion  
  26  6:21  Marine x5  
  26  6:22  Medivac  
  26  6:23  Medivac  
  27  6:33  Hellion, Marine  
  27  6:39  Marine x5  
  31  6:42  Orbital Command  
  31  6:45  Orbital Command  
  31  6:51  Marine  
  28  7:33  Barracks Tech Lab  
  28  7:34  Barracks Tech Lab  
  28  7:36  Marine x3  
  29  7:39  SCV  
  29  7:41  SCV  
  31  7:52  SCV  
  32  8:00  Supply Depot  
  32  8:03  SCV  
  32  8:04  SCV  
  34  8:12  Marauder x2  
  38  8:13  Marine  
  38  8:16  SCV  
  40  8:29  Hellion  
  40  8:30  Marine  
  40  8:31  Marine x2  
  35  8:50  SCV  
  32  9:02  SCV  
  29  9:14  SCV  
  30  9:26  SCV  
  30  9:27  Barracks Reactor  
  30  9:28  Barracks Tech Lab  
  30  9:29  Barracks Reactor  
  31  9:39  SCV  
  31  9:45  Marine x2  
  32  9:51  SCV  
  35  10:07  Refinery  
  35  10:08  SCV  
  36  10:20  SCV  
  33  10:40  Supply Depot  
  33  10:47  SCV  
  33  10:49  SCV  
  35  10:59  SCV  
  35  11:01  SCV, Siege Tank  
  41  11:11  SCV  
  41  11:13  SCV  
  42  11:23  SCV  
  43  11:25  SCV  
  43  11:29  Stimpack  
  44  11:32  Marine  
  44  11:33  Marine x4  
  44  11:35  SCV  
  44  11:37  SCV  
  51  11:50  SCV  
  51  11:51  Refinery  
  48  12:14  Marine  
  48  12:15  Marine x5  
  36  12:42  Marine x3  
  37  12:57  SCV  
  37  13:06  Marauder  
  37  13:09  SCV  
  37  13:10  SCV  
  41  13:21  SCV  
  41  13:22  SCV  
  43  13:27  Marauder  
  43  13:33  SCV  
  46  13:35  SCV  
Show
View Real Time Build Order
Export as new Build Order

Thilly Zerg - Winner!

Build Orders: Hatch First, Zergling Baneling 

Get SALT Encoding   

  12  0:01  Drone  
  13  0:08  Drone  
  14  0:33  Hatchery  
  13  0:39  Drone  
  14  0:53  Spawning Pool  
  14  0:56  Drone  
  14  1:00  Extractor  
  14  1:02  Drone  
  14  1:10  Overlord  
  14  1:29  Drone x2  
  14  1:30  Drone  
  17  1:42  Queen  
  17  1:44  Drone  
  20  1:54  Queen  
  20  1:58  Drone  
  23  2:03  Drone  
  23  2:06  Zergling x2  
  25  2:09  Drone  
  26  2:16  Metabolic Boost  
  26  2:26  Baneling Nest  
  25  2:44  Zergling x6  
  25  2:45  Overlord x2  
  28  2:59  Lair  
  28  3:04  Drone x3  
  31  3:13  Drone x3  
  31  3:16  Drone  
  35  3:28  Drone x2  
  35  3:29  Drone x2  
  35  3:34  Extractor  
  38  3:38  Drone  
  38  3:39  Evolution Chamber  
  38  3:43  Zergling x4  
  40  4:04  Zergling x8  
  43  4:16  Centrifical Hooks  
  43  4:21  Drone  
  43  4:23  Overlord x4  
  44  4:32  Baneling  
  44  4:42  Baneling x6  
  44  4:46  Baneling  
  44  4:52  Zergling x14  
  51  5:05  Baneling  
  51  5:06  Baneling x3  
  51  5:08  Zergling x2  
  51  5:09  Zergling x10  
  57  5:18  Baneling x3  
  41  6:06  Zergling x2  
  41  6:07  Zergling x28  
  54  6:32  Overseer  
  48  6:47  Extractor  
  46  6:53  Zergling x12  
  46  6:54  Zergling x2  
  50  7:05  Baneling x7  
  50  7:06  Baneling x12  
  50  7:07  Zergling x4  
  49  7:44  Drone  
  49  7:45  Drone x4  
  54  7:55  Drone x3  
  54  7:56  Drone x2  
  54  7:57  Drone x2  
  61  8:02  Hatchery  
  49  8:42  Zergling x2  
  49  8:43  Zergling x22  
  56  9:03  Baneling  
  56  9:04  Baneling x10  
  56  9:09  Spire  
  54  9:12  Zergling x12  
  54  9:16  Queen  
  62  9:18  Drone x3  
  65  9:24  Drone x6  
  65  9:27  Zerg Melee Weapons Level 1  
  71  9:33  Extractor  
  70  10:17  Extractor  
  70  10:19  Extractor  
  63  10:23  Mutalisk x8  
  79  10:45  Overlord  
  79  10:46  Overlord x8  
  79  11:04  Mutalisk  
  79  11:05  Mutalisk x2  
  85  11:30  Drone x8  
  93  11:34  Mutalisk x2  
  93  11:35  Mutalisk  
  77  12:14  Mutalisk x5  
  77  12:15  Mutalisk  
  85  12:34  Zergling x2  
  85  12:35  Zergling x36  
  102  12:57  Mutalisk x5  
  102  12:58  Mutalisk  
  114  13:14  Overlord x4  
  114  13:45  Hatchery  
Tags
 
Add a new tag
Caveats
  • Supply blocks, unpowered buildings, or Contaminate may cause inaccurate times.
  • Supply counts are checked every 10 seconds.